 Dungeon Crawl Stone Soup version 0.30-a0-51-g784eafce7f (webtiles) character file.

Game seed: 3730821863543777953

70 BritishOli the Trooper (level 4, 24/37 HPs)
             Began as a Demonspawn Fighter on Sept 6, 2022.
             Got out of the dungeon alive.
             The game lasted 00:01:24 (1577 turns).

BritishOli the Trooper (Demonspawn Fighter)         Turns: 1577, Time: 00:01:25

Health: 24/37      AC:  6    Str: 19    XL:     4   Next: 4%
Magic:  4/4        EV:  9    Int:  9    God:
Gold:   15         SH:  4    Dex: 12    Spells: 3/3 levels left

rFire   . . .      SeeInvis .    a - +0 long sword
rCold   . . .      Faith    .    c - +0 buckler
rNeg    . . .      Spirit   .    b - +0 scale mail
rPois   .          Reflect  .    (no helmet)
rElec   .          Harm     .    (no cloak)
rCorr   .          Rampage  .    (no gloves)
Will    .....                    (no boots)
Stlth   ..........               (no amulet)
HPRegen 0.12/turn                (no ring)
MPRegen 0.09/turn                (no ring)

@: no status effects
A: hooves 1, demonic magic 1
a: no special abilities


You escaped.
You visited 1 branch of the dungeon, and saw 2 of its levels.

You collected 15 gold pieces.

Inventory:

Hand Weapons
 a - a +0 long sword (weapon)
Armour
 b - a +0 scale mail (worn)
 c - a +0 buckler (worn)
Scrolls
 e - 3 scrolls of magic mapping {unknown}
 i - a scroll of blinking {unknown}
 k - a scroll of amnesia {unknown}
Potions
 d - 2 potions of might
 f - a potion of haste {unknown}
 g - 2 potions of flight {unknown}
 h - a potion of heal wounds {unknown}
 j - a potion of curing {unknown}


   Skills:
 + Level 3.7 Fighting
 + Level 2.7 Long Blades
 - Level 3.0 Armour
 - Level 3.0 Shields


You had 3 spell levels left.
You didn't know any spells.
Your spell library contained the following spells:

 Spells                   Type           Power      Damage    Failure   Level
 Blade Hands              Tmut           0%         N/A       100%        5
 Irradiate                Conj/Tmut      0%         3d11      100%        5
 Conjure Ball Lightning   Conj/Air       0%         3x3d6     100%        6
 Dragon Form              Tmut           0%         N/A       100%        7
 Discord                  Hex            0%         N/A       100%        8
 Disjunction              Tloc           0%         N/A       100%        8


Dungeon Overview and Level Annotations

Branches:
Dungeon (2/15)

Altars:


Innate Abilities, Weirdness & Mutations

You have large cloven feet.
Spells you cast may paralyse adjacent enemies.


Message History

Terence is nearby!
You barely miss Terence. Your kick misses Terence. Terence barely misses you.
Terence is nearby!
You hit Terence. You kick Terence, but do no damage.
Terence is moderately wounded.
Terence hits you with a +0 hand axe.
You hit Terence.
Terence is heavily wounded.
Terence closely misses you. Terence hits you with a +0 hand axe.
You barely miss Terence.
Terence is heavily wounded.
Terence hits you but does no damage.
You slash Terence! You kick Terence, but do no damage.
Terence is almost dead.
Terence hits you with a +0 hand axe.
You barely miss Terence.
Terence is almost dead.
Terence bares his teeth.
Terence hits you with a +0 hand axe. Terence hits you but does no damage.
You are too injured to fight recklessly!
You hit Terence.
You kill Terence!
You have reached level 4!
You feel stronger.
Your demonic ancestry asserts itself...
A menacing aura infuses your magic.
(D) Dungeon
Where to? (Enter - D:2, ? - help)
There is a stone staircase leading up here.
You climb upwards.
There is a stone staircase leading down here.
(D) Dungeon
Where to? (Enter - D:1, ? - help)
Okay, then.
You see here a +0 short sword.
There is a large open door here.
There is a dry fountain here.
There is an open gate here.
There is a staircase leading out of the dungeon here.
Are you sure you want to leave the Dungeon?
This will make you lose the game!
You have escaped!

##.#......#.............)......#.
...#......#..........###.......#.
####......####.......# #.......#.
####.............###.# #.......#.
..........##.##### #.# #.....###.
..........##.#♣♣♣♣♣#.###.....# #.
..........##.#♣...♣#.........# #.
.....####.#..###############)# #.
##.#.###......#.@.# #.# #.
##.#.##.......#...# #.# #.
##.#.##.#######'''##########.###.
##.#.##.#⌠............'...'....#.
##.#.##.#⌠............########.#.
...#.##.###..##...##..# #......#.
#..#.##.# #..##...##..# #.######.
####....#♣#...........#♣#.#....#.
..).....#♣#...........#♣#.#.##.#.


There were no monsters in sight!

Vanquished Creatures
  Terence (D:2)
  A gnoll (D:1)
  A dart slug (D:2)
  A bat (D:1)
  3 endoplasms
  2 giant cockroaches (D:1)
  2 goblins
  6 hobgoblins
  5 kobolds
  A quokka (D:1)
  2 ball pythons (D:1)
  2 frilled lizards (D:1)
  4 rats (D:1)
31 creatures vanquished.

Notes
Turn   | Place    | Note
-------+----------+-------------------------------------------
     0 | D:1      | BritishOli the Demonspawn Fighter began the quest for the
                  | Orb.
     0 | D:1      | Reached XP level 1. HP: 18/18 MP: 1/1
    33 | D:1      | Gained mutation: You have large cloven feet. [demonic
                  | ancestry]
    33 | D:1      | Reached XP level 2. HP: 13/24 MP: 2/2
   764 | D:1      | Reached XP level 3. HP: 29/29 MP: 3/3
  1477 | D:2      | Noticed Terence
  1487 | D:2      | Killed Terence
  1488 | D:2      | Gained mutation: Spells you cast may paralyse adjacent
                  | enemies. [demonic ancestry]
  1488 | D:2      | Reached XP level 4. HP: 13/37 MP: 4/4
  1577 | D:$      | Got out of the dungeon alive.

Illustrated notes

Levels and vault maps discovered:
D:1:      beargit_arrival_diablo_church, layout_basic
D:2:      layout_basic, uniq_terence

Skill      XL: |  1  2 |
---------------+-------+-----
Long Blades    | 2 |  2.7
Armour         | 3 |  3.0
Shields        | 3 |  3.0
Fighting       | |  3.7

Action                   |  1- 3 |  4- 6 || total
-------------------------+-------+-------++-------
Melee: Long sword        |   101 |       ||   101
       Kick              |    12 |       ||    12
Armor: Scale mail        |    45 |       ||    45
Dodge: Dodged            |    48 |       ||    48
Block: Buckler           |    17 |       ||    17

Table legend: (Time is in decaauts)
 A = Elapsed time spent in this place.
 B = Non-inter-level travel time spent in this place.
 C = Inter-level travel time spent in this place.
 D = Time resting spent in this place.
 E = Time spent auto-exploring this place.
 F = Levels seen in this place.
 G = Mean time per level.
                   A        B        C        D        E       F      G
               +--------+--------+--------+--------+--------+-----+--------+
         Total |   1611 |   1506 |    105 |    165 |   1100 |   2 |  805.5 |
       Dungeon |   1611 |   1506 |    105 |    165 |   1100 |   2 |  805.5 |
               +--------+--------+--------+--------+--------+-----+--------+

Top non-repeatable levels by time:
     D:1: 1352 daAuts
     D:2: 259 daAuts
